 Dungeon Crawl Stone Soup version 0.19.5 (webtiles) character file.

22 equalderp2856 the Scratcher (level 2, -1/14 HPs)
             Began as a Felid Fighter on Mar 10, 2017.
             Shot with a stone by a goblin (7 damage)
             ... on level 2 of the Dungeon.
             The game lasted 00:02:19 (887 turns).

equalderp2856 the Scratcher (Felid Fighter)          Turns: 887, Time: 00:02:20

Health: -1/14      AC:  1    Str: 12    XL:     2   Next: 68%
Magic:  3/3        EV: 19    Int:  9    God:
Gold:   46         SH:  0    Dex: 15    Spells: 0 memorised, 1 level left
                                        Lives:  0   Deaths: 0

rFire  . . .     SeeInvis +       - Unarmed
rCold  . . .     Gourm    .     (armour unavailable)
rNeg   . . .     Faith    .     (shield unavailable)
rPois  .         Spirit   .     (helmet unavailable)
rElec  .         Reflect  .     (cloak unavailable)
rCorr  .         Harm     .     (gloves unavailable)
MR     .....                    (boots unavailable)
Stlth  ++........               (no amulet)
                                (no ring)
                                (no ring)

@: quick
A: no armour, no weapons or thrown items, stealth, claws 1, fangs 3, see
invisible, carnivore 3, speed 1, shaggy fur 1, slow metabolism 1, sharp paws
a: no special abilities


You were on level 2 of the Dungeon.
You were not hungry.

You visited 1 branch of the dungeon, and saw 2 of its levels.

You collected 46 gold pieces.

Inventory:

Missiles
 i - 23 arrows
Scrolls
 c - a scroll of noise {unknown}
 e - a scroll of recharging {unknown}
 f - a scroll of identify {unknown}
 g - a scroll of teleportation {unknown}
 h - a scroll of enchant armour {unknown}
 l - 2 scrolls of remove curse {unknown}
Potions
 a - a potion of might
 d - a potion of brilliance {unknown}
 k - a potion of heal wounds {unknown}
Comestibles
 b - 2 meat rations
 j - a beef jerky


   Skills:
 + Level 3.1 Fighting
 + Level 4.1 Dodging
 + Level 0.4 Stealth
 + Level 4.6 Unarmed Combat


You had one spell level left.
You didn't know any spells.

Dungeon Overview and Level Annotations

Branches:
Dungeon (2/15)

Altars:
Ashenzari


Innate Abilities, Weirdness & Mutations

You cannot wear armour.
You are incapable of wielding weapons or throwing items.
Your paws allow you to move quietly. (Stealth)
You have sharp claws.
You have razor-sharp teeth.
You have supernaturally acute eyesight. (SInv)
You are carnivorous and can eat meat at any time.
You cover ground quickly.
You are covered in fur. (AC +1)
You have a slow metabolism.
Your sharp claws are effective at attacking unaware monsters.


Message History

Found a stone staircase leading down.
l - 2 scrolls labeled CUQUNA POTWER A goblin comes into view.
The goblin shouts!
The goblin wields a hunting sling.
The goblin shoots a stone.
The stone misses you.
You see here a stone.
You open the door.
The goblin shoots a stone.
The stone barely misses you.
There is an open door here.
The goblin shoots a stone.
The stone misses you.
You see here a stone.
You open the door.
There is an open door here.
There is an open door here.
The goblin shoots a stone.
The stone hits you!
Ouch! That really hurt!
You see here a stone.
The goblin shoots a stone.
The stone hits you!
Ouch! That really hurt!
You die...

...........#.........#.......#
....###..####.......####.....#
....# #.....#.......#.).#....#
....# #.#...'..._...'...#....#
....# #.#...#.......#...#....#
....# .###.#........####..###
###.# .. #....g(.........#
#.####...#⌠.##'##.⌠#.....#
#........###..@.####...###
#.#####.....#...#.....## #.#
###. #.(.#.....# #.#
##.##'.#...### #.# #........#
#.# #####....# #.# ###### #.#
#.#


You could see a goblin.

Vanquished Creatures
  2 giant cockroaches (D:1)
  6 goblins (D:1)
  A hobgoblin (D:1)
  4 kobolds
  4 bats (D:1)
  A frilled lizard (D:1)
  A rat (D:1)
19 creatures vanquished.

Vanquished Creatures (others)
  A giant cockroach (D:1)
  3 hobgoblins (D:1)
  A ball python (D:1)
5 creatures vanquished.

Grand Total: 24 creatures vanquished

Notes
Turn   | Place    | Note
-------+----------+-------------------------------------------
     0 | D:1      | equalderp2856 the Felid Fighter began the quest for the Orb.
     0 | D:1      | Reached XP level 1. HP: 10/10 MP: 2/2
   341 | D:1      | Reached XP level 2. HP: 13/14 MP: 3/3
   826 | D:2      | Found a shattered altar of Ashenzari.
   887 | D:2      | Shot with a stone by a goblin

Action                   || total
-------------------------++-------
Melee: Unarmed           ||    37
       Bite              ||     5
 Stab: Sleeping          ||     3
Armor: Skin              ||     5
Dodge: Dodged            ||    35
